 Dungeon Crawl Stone Soup version 0.27.1-2-g3b301248ec (webtiles) character file.

Game seed: 17518428790185702310

46 Descartes the Skirmisher (level 3, -1/22 HPs)
             Began as a Spriggan Wanderer on Oct 1, 2021.
             Frozen to death by an endoplasm (4 damage)
             ... on level 3 of the Dungeon.
             The game lasted 00:03:00 (2211 turns).

Descartes the Skirmisher (Spriggan Wanderer)        Turns: 2211, Time: 00:03:01

Health: -1/22      AC:  2    Str:  9    XL:     3   Next: 44%
Magic:  4/4        EV: 16    Int: 16    God:
Gold:   65         SH:  0    Dex: 11    Spells: 2/2 levels left

rFire    . . .     SeeInvis +   a - +2 dagger
rCold    . . .     Faith    .   (shield restricted)
rNeg     . . .     Spirit   .   e - +0 robe
rPois    .         Reflect  .   (helmet restricted)
rElec    .         Harm     .   (no cloak)
rCorr    .         Rampage  .   (gloves unavailable)
Will     .....                  (boots unavailable)
Stlth    ++........             (no amulet)
HPRegen  0.07/turn              (no ring)
MPRegen  0.09/turn              (no ring)

@: very quick
A: very small, no large weapons, unfitting armour, see invisible, speed 3
a: no special abilities


You were on level 3 of the Dungeon.
You visited 1 branch of the dungeon, and saw 4 of its levels.

You collected 65 gold pieces.

Inventory:

Hand Weapons
 a - a +2 dagger (weapon)
 d - a +0 quarterstaff
 h - a +0 rapier
Missiles
 j - 22 arrows
 l - 21 stones (quivered)
Armour
 e - a +0 robe (worn)
Scrolls
 b - a scroll of fear
 f - a scroll of fog {unknown}
 g - a scroll of silence {unknown}
 k - a scroll of enchant weapon {unknown}
Potions
 c - 2 potions of lignification
 i - a potion of brilliance {unknown}
 m - a potion of curing {unknown}


   Skills:
 - Level 4.9 Fighting
 + Level 1.9 Short Blades
 - Level 1.0 Staves
 + Level 2.2 Dodging
 + Level 3.3 Stealth
 - Level 1.0 Shields
 - Level 1.3 Evocations


You had 2 spell levels left.
You didn't know any spells.
Your spell library was empty.

Dungeon Overview and Level Annotations

Branches:
Dungeon (4/15)
 Temple: D:4-7

Altars:


Innate Abilities, Weirdness & Mutations

You are very small and have problems with some larger weapons.
You are too small for most types of armour.
You have supernaturally acute eyesight. (SInv)
You cover ground extremely quickly. (Speed+++)


Message History

You hit the orc but do no damage. The orc closely misses you.
You hit the orc but do no damage. The orc barely misses you.
You hit the orc.
The orc is lightly wounded.
The orc barely misses you.
You barely miss the orc.
The orc is lightly wounded.
The orc hits you with a +0 hand axe.
You closely miss the orc.
The orc is lightly wounded.
The orc closely misses you.
You barely miss the orc.
The orc is lightly wounded.
The orc misses you.
You hit the orc but do no damage.
The orc is lightly wounded.
You hit the orc.
The orc is moderately wounded.
The orc misses you.
The orc wizard gestures wildly while chanting.
The orc wizard flickers and vanishes for a moment.
You closely miss the orc.
The orc is moderately wounded.
The orc hits you with a +0 hand axe!
* * * LOW HITPOINT WARNING * * *
You hit the orc but do no damage.
The orc is moderately wounded.
The orc closely misses you.
You hit the orc.
The orc is severely wounded.
The orc hits you with a +0 hand axe.
* * * LOW HITPOINT WARNING * * *
You barely miss the orc.
The orc is severely wounded.
The orc misses you.
An endoplasm comes into view.
You barely miss the endoplasm. The endoplasm freezes you.
You are frozen.
You die...

... #.........o.o......
...####.########.########
#.........# #.....#
..........# #.....#
..........###.....######
^......>........ooo....#
.#.####+########+#####o#
.#. #######J# #.# #.
.......@#####.####.. #.
............o........ ..
..........###..###### ..
#########.# ##.# .. #.#
.# #.# .. ... ... ###
#..# .#


You could see an orc and an endoplasm.

Vanquished Creatures
  5 dart slugs
  An orc (D:3)
  4 ball pythons (D:1)
  3 endoplasms
  A goblin (D:1)
  2 hobgoblins (D:1)
  4 jackals (D:1)
  2 quokkas (D:1)
  2 bats (D:1)
  2 frilled lizards
  3 kobolds (D:1)
  4 rats
33 creatures vanquished.

Vanquished Creatures (others)
  2 plants (D:1)
2 creatures vanquished.

Grand Total: 35 creatures vanquished

Notes
Turn   | Place    | Note
-------+----------+-------------------------------------------
     0 | D:1      | Descartes the Spriggan Wanderer began the quest for the
                  | Orb.
     0 | D:1      | Descartes set off with the following items: a +2 dagger, a
                  | scroll of fear, a potion of lignification, a +0
                  | quarterstaff, a +0 robe
     0 | D:1      | Reached XP level 1. HP: 14/14 MP: 2/2
   101 | D:1      | Reached skill level 1 in Dodging
   110 | D:1      | Reached XP level 2. HP: 5/18 MP: 3/3
   342 | D:1      | Found a faded altar of an unknown god.
   360 | D:1      | Reached skill level 1 in Short Blades
   987 | D:1      | Reached XP level 3. HP: 22/22 MP: 4/4
  1889 | D:2      | You fall into a shaft and drop 2 floors!
  1899 | D:4      | Noticed a black bear
  2211 | D:3      | Frozen to death by an endoplasm

Illustrated notes

Levels and vault maps discovered:
D:1:      ncdulo_halloftheorcs, layout_rooms, dreamdust_ecumenical_altar_grove,
          serial_co_window_serial, co_window_paths_b,
          co_window_of_opportunity_a, co_window_paths_a, co_window_corner_a,
          co_window_paths_a, co_window_paths_c, co_window_paths_c,
          co_window_corner_ca, co_window_cross_3, co_window_broadway_b,
          co_window_corner_b, glass_columns_b
D:2:      layout_loops_ring, uniq_terence
D:3:      layout_basic, serial_shops, shop, serial_bayou_lake_a, uniq_sigmund
D:4:      layout_loops_ring

Skill      XL: |  1  2  3 |
---------------+----------+-----
Stealth        | 2 3 |  3.3
Dodging        | 1 2 |  2.2
Short Blades   | 1 |  1.9
Fighting       | |  4.9
Staves         | |  1.0
Shields        | |  1.0
Evocations     | |  1.3

Action                   || total
-------------------------++-------
Melee: Dagger            ||   164
 Stab: Sleeping          ||     6
Armor: Robe              ||    12
Dodge: Dodged            ||   147
